 Dungeon Crawl Stone Soup version 0.25.1-9-gc5326a611f (webtiles) character file.

Game seed: 10276973713312513468

189 Destapler the Skirmisher (level 5, -1/42 HPs)
             Began as a Demonspawn Monk on Dec 31, 2020.
             Was a Believer of Makhleb.
             Slain by an orc
             ... wielding a +1 whip of venom
              (4 damage)
             ... on level 3 of the Dungeon.
             The game lasted 00:09:09 (1954 turns).

Destapler the Skirmisher (Demonspawn Monk)          Turns: 1954, Time: 00:09:11

Health: -1/42      AC: 12    Str: 11 (12) XL:     5   Next: 40%
Magic:  5/5        EV:  7    Int:  8 (11) God:    Makhleb [**....]
Gold:   100        SH:  0    Dex: 14 (16) Spells: 4/4 levels left

rFire    . . .     SeeInvis .   a - +0 spear
rCold    + . .     Gourm    .   (no shield)
rNeg     . . .     Faith    .   g - +4 scale mail {rC+}
rPois    .         Spirit   .   (helmet restricted)
rElec    .         Reflect  .   (no cloak)
rCorr    .         Harm     .   p - +0 pair of gloves
MR       .....                  f - +0 pair of boots
Stlth    ++........             i - amulet of the acrobat
HPRegen  0.14/turn              (no ring)
MPRegen  0.09/turn              (no ring)

@: lethally poisoned (-1 -> -29), constricted
A: horns 1, demonic guardian 2, nightstalker 1
a: Minor Destruction, Renounce Religion


You were on level 3 of the Dungeon.
You worshipped Makhleb.
Makhleb was pleased with you.
You were not hungry.

You visited 1 branch of the dungeon, and saw 3 of its levels.

You collected 100 gold pieces.

Inventory:

Hand Weapons
 a - a +0 spear (weapon)
Missiles
 b - 4 javelins
 q - 12 poisoned darts (quivered)
Armour
 f - a +0 pair of boots (worn)
 g - a +4 scale mail of cold resistance (worn)
 p - a +0 pair of gloves (worn)
Jewellery
 i - an amulet of the acrobat (around neck)
Scrolls
 d - a scroll of random uselessness {unknown}
 e - a scroll of noise
 j - 2 scrolls of enchant armour
 k - a scroll of amnesia {unknown}
 l - a scroll of enchant weapon {unknown}
 o - 4 scrolls of teleportation {unknown}
 r - 3 scrolls of fear {unknown}
 s - a scroll of remove curse
 u - a scroll of immolation
Comestibles
 c - 3 rations
 n - 4 chunks of flesh


   Skills:
 + Level 3.8 Fighting
 - Level 2.7 Polearms
 + Level 1.5 Throwing
 + Level 1.7 Armour
 - Level 3.0 Dodging
 + Level 3.4 Stealth
 + Level 1.1 Invocations


You had 4 spell levels left.
You didn't know any spells.
Your spell library was empty.

Dungeon Overview and Level Annotations

Branches:
Dungeon (3/15)

Altars:
Makhleb


Innate Abilities, Weirdness & Mutations

You have a pair of small horns on your head.
A demonic guardian rushes to your aid.
You are slightly more attuned to the shadows.


Message History

The orc barely misses you.
As you read the scroll labeled IDALEO SUAR, it crumbles to dust.
It is a scroll of identify.
u - a scroll of immolation
* * * LOW HITPOINT WARNING * * *
You feel sick.
The ball python bites you but does no damage.
The ball python constricts you.
The orc hits you with a +1 whip of venom.
* * * LOW HITPOINT WARNING * * *
You are more poisoned.
The frilled lizard barely misses you.
As you read the scroll labeled KENNAIN FAEL, it crumbles to dust.
You feel blessed for a moment.
It was a scroll of remove curse.
* * * LOW HITPOINT WARNING * * *
You feel sick. The ball python barely misses you.
* * * LOW HITPOINT WARNING * * *
The ball python constricts you. The orc closely misses you.
The orc hits you with a +1 whip of venom.
You die...

.######.... ..........
#.......$..# #..........
#####.........# ##..........ool#
###..###......S@)# ##########
#......[.......(.# ####.........
##.#..##....####.####............
#.[...#..#..# #.# #..##########.
........##..# ##(###.####......##
........##..###......###.........
........#..#....##[####..........
.............#####..# #..........
........##.### ##.###....≈≈≈≈≈.


You could see 2 orcs, a ball python and a frilled lizard.

Vanquished Creatures
  A hound (D:2)
  An orc priest (D:3)
  Jessica (D:2)
  Terence (D:2)
  An adder zombie (D:2)
  A worm (D:1)
  3 dart slugs
  A leopard gecko (D:1)
  5 orcs (D:3)
  A giant cockroach (D:2)
  5 goblins
  6 hobgoblins
  4 jackals (D:1)
  3 quokkas
  A ball python (D:2)
  7 bats
  5 frilled lizards
  4 kobolds
  6 rats
57 creatures vanquished.

Vanquished Creatures (collateral kills)
  An orc wizard (D:3)
  2 orcs (D:3)
3 creatures vanquished.

Grand Total: 60 creatures vanquished

Notes
Turn   | Place    | Note
-------+----------+-------------------------------------------
     0 | D:1      | Destapler the Demonspawn Monk began the quest for the Orb.
     0 | D:1      | Reached XP level 1. HP: 18/18 MP: 1/1
   273 | D:1      | Gained mutation: A weak demonic guardian rushes to your
                  | aid. [demonic ancestry]
   273 | D:1      | Reached XP level 2. HP: 23/24 MP: 2/2
   760 | D:2      | Noticed Terence
   793 | D:2      | Killed Terence
   793 | D:2      | Gained mutation: You are slightly more attuned to the
                  | shadows. [demonic ancestry]
   793 | D:2      | Reached XP level 3. HP: 6/29 MP: 3/3
  1100 | D:2      | Noticed Jessica
  1106 | D:2      | Killed Jessica
  1106 | D:2      | Reached skill level 1 in Throwing
  1106 | D:2      | Reached skill level 1 in Armour
  1106 | D:2      | Gained mutation: You have a pair of small horns on your
                  | head. [demonic ancestry]
  1106 | D:2      | Reached XP level 4. HP: 35/35 MP: 4/4
  1399 | D:2      | Found a burning altar of Makhleb.
  1416 | D:2      | Became a worshipper of Makhleb the Destroyer
  1416 | D:2      | Reached * piety under Makhleb
  1416 | D:2      | Reached ** piety under Makhleb
  1727 | D:3      | Gained mutation: A demonic guardian rushes to your aid.
                  | [demonic ancestry]
  1727 | D:3      | Reached XP level 5. HP: 41/42 MP: 5/5
  1935 | D:3      | Reached skill level 1 in Invocations
  1954 | D:3      | Slain by an orc

Illustrated notes

Levels and vault maps discovered:
D:1:      minmay_arrival_plants_in_alcoves, layout_basic
D:2:      layout_rooms, makhleb_blood_cavern_becter, uniq_terence, uniq_jessica
D:3:      lemuel_upstairs_altar, layout_rooms, lemuel_doored_altar,
          kennysheep_potato

Skill      XL: |  1  2  3  4  5 |
---------------+----------------+-----
Stealth        | 2 3 |  3.4
Dodging        | 3 |  3.0
Throwing       | 1 |  1.5
Armour         | 1 |  1.7
Invocations    | 1 |  1.1
Fighting       | |  3.8
Polearms       | |  2.7

Action                   |  1- 3 |  4- 6 || total
-------------------------+-------+-------++-------
Melee: Spear             |   145 |   145 ||   290
       Headbutt          |       |    26 ||    26
  Use: Potion            |     1 |     2 ||     3
       Scroll            |       |     4 ||     4
 Stab: Sleeping          |     3 |     4 ||     7
       Distracted        |       |     1 ||     1
  Eat: Chunk             |       |     4 ||     4
Armor: Robe              |    22 |       ||    22
       Scale mail        |     9 |    87 ||    96
Dodge: Dodged            |    80 |    97 ||   177
